 Dungeon Crawl Stone Soup version 0.29.1-12-g30fa7ad0bf (webtiles) character file.

Game seed: 15418446328821768453

1405 raph the Firebug (level 8, 0/44 HPs)
             Began as a Deep Elf Fire Elementalist on Jan 4, 2023.
             Was a Follower of Sif Muna.
             Slain by Duvessa
             ... wielding a +0 rapier
              (10 damage)
             ... on level 5 of the Dungeon.
             The game lasted 00:13:26 (6532 turns).

raph the Firebug (Deep Elf Fire Elementalist)       Turns: 6532, Time: 00:13:27

Health: 0/44       AC:  6    Str:  5    XL:     8   Next: 42%
Magic:  3/16       EV: 12    Int: 23    God:    Sif Muna [*.....]
Gold:   121        SH:  6    Dex: 15    Spells: 0/16 levels left

rFire   + . .      SeeInvis .   e - +1 dagger
rCold   . . .      Faith    +   c - +1 buckler
rNeg    + . .      Spirit   .   d - +1 leather armour {rN+}
rPois   +          Reflect  .   (no helmet)
rElec   .          Harm     .   (no cloak)
rCorr   .          Rampage  .   (no gloves)
Will    .....                   u - +1 pair of boots {Stlth+}
Stlth   +++.......              h - amulet of faith
HPRegen 0.14/turn               f - ring of poison resistance
MPRegen 0.15/turn               j - ring of protection from fire

@: on berserk cooldown, hasted and slowed
A: no striking features
a: Renounce Religion, Channel Magic


You were on level 5 of the Dungeon.
You worshipped Sif Muna.
Sif Muna was aware of your devotion.
You visited 1 branch of the dungeon, and saw 6 of its levels.

You collected 286 gold pieces.
You spent 165 gold pieces at shops.

Inventory:

Hand Weapons
 e - a +1 dagger (weapon)
Missiles
 k - 22 poisoned darts
 t - 2 boomerangs of dispersal
 x - 2 throwing nets
Armour
 a - a +0 robe
 c - a +1 buckler (worn)
 d - a +1 leather armour of positive energy (worn)
 u - a +1 pair of boots of stealth (worn)
Magical Staves
 o - a staff of death
Jewellery
 f - a ring of poison resistance (left hand)
 h - an amulet of faith (around neck)
 j - a ring of protection from fire (right hand)
 y - an amulet of magic regeneration
Wands
 z - a wand of charming (5)
Potions
 b - 3 potions of magic
 g - a potion of resistance
 i - 4 potions of lignification
 l - a potion of mutation
 m - 3 potions of attraction
 n - 2 potions of berserk rage
 q - 2 potions of brilliance
 s - a potion of curing {unknown}
 v - a potion of cancellation {unknown}
 w - a potion of ambrosia {unknown}
 A - a potion of might {unknown}


   Skills:
 - Level 1.9 Fighting
 + Level 2.9 Armour
 - Level 4.1 Dodging
 - Level 2.5 Stealth
 * Level 3.7 Shields
 - Level 4.5 Spellcasting
 - Level 3.1 Conjurations
 * Level 6.9 Fire Magic
 + Level 2.8 Invocations


You couldn't memorise any spells.
You knew the following spells:

 Your Spells              Type           Power      Damage    Failure   Level
a - Foxfire               Conj/Fire      100%       2x1d9     2%          1
b - Scorch                Fire           74%        2d9       1%          2
c - Conjure Flame         Conj/Fire      28%        6-21      8%          3
d - Mephitic Cloud        Conj/Pois/Air  10%        N/A       38%         3
e - Flame Wave            Conj/Fire      28%        2d9       26%         4
f - Inner Flame           Hex/Fire       21%        N/A       16%         3

Your spell library contained the following spells:

 Spells                   Type           Power      Damage    Failure   Level
 Magic Dart               Conj           76%        1d6       6%          1
 Beastly Appendage        Tmut           10%        N/A       22%         1
 Call Imp                 Summ           5%         N/A       32%         2
 Wereblood                Tmut           5%         N/A       32%         2
 Portal Projectile        Hex/Tloc       10%        N/A       54%         3
 Spider Form              Tmut/Pois      5%         N/A       54%         3
 Tukima's Dance           Hex            5%         N/A       54%         3
 Animate Dead             Necr           5%         N/A       91%         4
 Blade Hands              Tmut           2%         N/A       99%         5
 Borgnjor's Vile Clutch   Necr/Erth      2%         N/A       99%         5
 Death Channel            Necr           2%         N/A       100%        6


Dungeon Overview and Level Annotations

Branches:
Dungeon (6/15)             Temple (0/1) D:5

Altars:
Cheibriados
Fedhas
Kikubaaqudgha
Qazlal
Sif Muna
Vehumet
Wu Jian
Yredelemnul

Shops:
D:3 ([[[(   D:5 :

Annotations:
D:5 Duvessa


Message History

A wave of flame ripples out!
The flame wave engulfs Duvessa.
Duvessa is burned terribly!
Duvessa is moderately wounded. (Press . to intensify the flame waves.)
You block Duvessa's attack.
Without enough magic to sustain them, the waves of flame dissipate.
Duvessa hits you with a +0 rapier! x2
* * * LOW HITPOINT WARNING * * *
You feel much better. Duvessa barely misses you.
You aren't carrying any scrolls.
Okay, then.
You aren't carrying any scrolls.
Okay, then.
Duvessa barely misses you. x2
You climb upwards.
There is a stone staircase leading down here.
Okay, then.
Duvessa hits you with a +0 rapier.
A red film seems to cover your vision as you go berserk!
You feel yourself moving faster!
You feel mighty! Duvessa misses you.
You feel a strong urge to attack something.
Duvessa is no longer more vulnerable to fire.
There is a stone staircase leading down here.
Duvessa attacks as you move away! Duvessa hits you with a +0 rapier!
You feel your anger nearly subside.
You are no longer berserk.
You are exhausted.
You feel yourself slow down. Duvessa attacks as you move away!
Duvessa misses you. Duvessa hits you with a +0 rapier.
Duvessa barely misses you. You block Duvessa's attack.
Duvessa attacks as you move away! You block Duvessa's attack.
Duvessa hits you with a +0 rapier!
* * * LOW HITPOINT WARNING * * *
You feel much better. Duvessa hits you with a +0 rapier!
* * * LOW HITPOINT WARNING * * *
You block Duvessa's attack.
You aren't carrying any scrolls.
It was a potion of haste.
You feel yourself speed up. Duvessa closely misses you.
Duvessa hits you with a +0 rapier!
You die...

...#..##..## ##...## ###
##..#..#..# ##..### ####
.....###..# #...# ##...
##....#...## #..## ##....
#.....#..(.# ##..## ##..###
....###....### ##....### ##..####
..#####......###.......###..## #)
..###............e...>..>...####.
.........####...@##..........##..
........## ##..#####...........#
#######.# #..# ##...######## #.#
#..# #...# #.# #..# #..## #.#
#..# #..# #.# #..# #..# #.## #..#
#..# ##.## ##.## #..#


You could see Duvessa (berserk, fast).

Vanquished Creatures
  2 black bears
  A sky beast (D:6)
  An ogre (D:4)
  An orc warrior (D:6)
  2 phantoms
  2 scorpions (D:4)
  A necrophage (D:6)
  Dowan (D:6)
  A howler monkey (D:5)
  A jelly (D:6)
  An orc priest (D:4)
  4 hounds
  2 iguanas
  A gnoll bouda (D:6)
  3 orc wizards
  4 gnolls (D:6)
  8 adders
  A white imp (D:5)
  A worm (D:3)
  A dart slug (D:1)
  19 orcs
  5 ball pythons
  2 endoplasms
  5 giant cockroaches
  A goblin (D:1)
  15 hobgoblins
  6 kobolds
  7 quokkas
  3 bats
  3 frilled lizards
  7 rats
112 creatures vanquished.

Vanquished Creatures (others)
  A human (D:4)
  417 foxfires
418 creatures vanquished.

Grand Total: 530 creatures vanquished

Notes
Turn   | Place    | Note
-------+----------+-------------------------------------------
     0 | D:1      | raph the Deep Elf Fire Elementalist began the quest for the
                  | Orb.
     0 | D:1      | Reached XP level 1. HP: 10/10 MP: 6/6
   377 | D:1      | Reached XP level 2. HP: 15/15 MP: 5/8
   423 | D:1      | Learned a level 2 spell: Scorch
   968 | D:2      | Reached XP level 3. HP: 20/20 MP: 1/9
   972 | D:2      | Learned a level 3 spell: Conjure Flame
  1704 | D:2      | You fall into a shaft and drop 2 floors!
  1735 | D:4      | Noticed a scorpion
  1757 | D:4      | Killed a scorpion
  1758 | D:4      | Reached skill level 1 in Fighting
  1758 | D:4      | Reached skill level 1 in Armour
  1758 | D:4      | Reached skill level 4 in Fire Magic
  1758 | D:4      | Reached XP level 4. HP: 19/25 MP: 0/11
  1998 | D:3      | Found Dycy's Antique Armour Boutique.
  2076 | D:3      | Found Kuik's Antique Armour Shoppe.
  2091 | D:3      | Reached XP level 5. HP: 29/29 MP: 5/12
  2402 | D:3      | Found a stormy altar of Qazlal.
  2404 | D:3      | Found a blossoming altar of Fedhas.
  2404 | D:3      | Found a shimmering blue altar of Sif Muna.
  2417 | D:3      | Became a worshipper of Sif Muna the Loreminder
  2440 | D:3      | Reached skill level 1 in Shields
  2509 | D:3      | Found Jiufof's Weapon Emporium.
  2531 | D:3      | Found Gaocroev's Antique Armour Shop.
  2850 | D:3      | Learned a level 3 spell: Mephitic Cloud
  2877 | D:3      | Found Qamix's Weapon Shop.
  3241 | D:4      | Found a basalt altar of Yredelemnul.
  3258 | D:4      | Found a snail-covered altar of Cheibriados.
  3326 | D:4      | Found an ancient bone altar of Kikubaaqudgha.
  3327 | D:4      | Noticed a human
  3330 | D:4      | Killed a human
  3333 | D:4      | Noticed an ogre
  3342 | D:4      | Killed an ogre
  3343 | D:4      | Reached XP level 6. HP: 34/34 MP: 3/13
  3622 | D:3      | Bought a pair of glowing boots for 165 gold pieces
  3783 | D:4      | Reached skill level 5 in Fire Magic
  4041 | D:4      | Found a radiant altar of Vehumet.
  4041 | D:4      | Found an ornate altar of the Wu Jian Council.
  4155 | D:5      | Entered Level 5 of the Dungeon
  4289 | D:5      | Reached * piety under Sif Muna
  4339 | D:5      | Found Eskuubb's Book Shop.
  4346 | D:5      | Identified the +11 short sword of Qilu {drain, +Blink rC-
                  | Str+7 Int-5}
  4423 | D:5      | Reached XP level 7. HP: 39/39 MP: 8/15
  4428 | D:5      | Learned a level 4 spell: Flame Wave
  4513 | D:5      | Found a staircase to the Ecumenical Temple.
  5386 | D:5      | Reached skill level 1 in Invocations
  5554 | D:6      | Reached skill level 6 in Fire Magic
  5772 | D:6      | Reached XP level 8. HP: 44/44 MP: 5/16
  6139 | D:6      | Learned a level 3 spell: Inner Flame
  6280 | D:6      | Noticed Duvessa
  6284 | D:6      | Noticed Dowan
  6512 | D:6      | Killed Dowan
  6530 | D:5      | HP: 1/44 [Duvessa/+0 rapier (16)]
  6532 | D:5      | Slain by Duvessa

Illustrated notes

Levels and vault maps discovered:
D:1:      noname_arrival_rooms_in_the_neighbourhood, layout_rooms,
          minmay_misc_feat_room
D:2:      layout_rooms
D:3:      layout_basic, grunt_temple_overflow_open, serial_shops, shop, shop,
          nicolae_shop_behind_doors, shop, nicolae_shop_crystal
D:4:      layout_cave_pools, tgw_kikubaaqudgha, gammafunk_temple_overflow_wave,
          mainiacjoe_overflow_paths, old_standard_altar
D:5:      layout_layer_cave, minmay_temple_entry_trees, serial_shops,
          nicolae_shop_statue_plus
D:6:      layout_rooms, uniq_duvessa

Skill      XL: |  1  2  3  4  5  6  7 |
---------------+----------------------+-----
Dodging        | 3 4 |  4.1
Fighting       | 1 |  1.9
Armour         | 1 2 |  2.9
Conjurations   | 2 3 |  3.1
Fire Magic     | 4 5 6 |  6.9
Shields        | 1 3 |  3.7
Spellcasting   | 4 |  4.5
Invocations    | 2 |  2.8
Stealth        | |  2.5

Action                   |  1- 3 |  4- 6 |  7- 9 || total
-------------------------+-------+-------+-------++-------
Melee: Dagger            |     5 |     3 |     4 ||    12
 Cast: Foxfire           |    88 |    63 |    82 ||   233
       Scorch            |     9 |    17 |    18 ||    44
       Flame Wave        |       |       |     2 ||     2
  Use: Scroll            |     5 |     6 |     4 ||    15
       Potion            |       |       |     4 ||     4
Armor: Leather armour    |     5 |     3 |     3 ||    11
Dodge: Dodged            |    15 |     7 |    17 ||    39
Block: Buckler           |     5 |     4 |    16 ||    25
